AoeStats
← [Massa] Edo

Hideout

503527496Analyzed
2v2 RM · 1mo ago on Sep 1, 2026· 24m 15s· 4 players
Game mode
Random Map
Map size
Medium (4 player)
Population
200
Speed
Normal
Resources
Standard
Victory
Conquest
Starting age
Dark Age
Ending age
Imperial Age
RankedLock teamsTeams togetherTeam positionsShared explorationLock speedFull tech treeHidden civsTurbo modeCheats
Victory
Defeat
🇨🇦 Japanese · Canada
1566
+12
🇺🇸 Mapuche · United States
1466
+16
🇦🇷 Teutons · Argentina
1528
-17
🇧🇷 Chinese · Brazil
1408
-11
MooSpecial
7:46 Loom
10:04 Feudal Age
14:39 Castle Age
12:50 Double-Bit Axe
13:35 Horse Collar
14:14 Fletching
16:49 Wheelbarrow
16:13 Bodkin Arrow
19:02 Padded Archer Armor
19:55 Bow Saw
21:26 Wheelbarrow
Aurum
6:12 Loom
8:44 Feudal Age
8:56 Man-at-Arms
13:55 Double-Bit Axe
14:21 Horse Collar
19:35 Castle Age
20:46 Forging
20:41 Scale Mail Armor
24:44 Heavy Plow
24:56 Bow Saw
[Massa] Edo
0:26 Loom
10:20 Feudal Age
14:18 Castle Age
12:25 Double-Bit Axe
12:43 Horse Collar
15:32 Bow Saw
22:19 Wheelbarrow
24:11 Ballistics
23:43 Fletching
Marcusscus
10:50 Feudal Age
9:51 Loom
20:08 Castle Age
18:41 Gold Mining
18:33 Horse Collar
18:41 Double-Bit Axe
19:46 Stone Mining
21:27 Wheelbarrow
21:21 Bow Saw
21:13 Heavy Plow
21:51 Stone Shaft Mining
22:46 Redemption
Connection lost

Rejoining the realm…

Still unreachable

The connection could not be restored.

Session expired

The server has moved on; the page needs a fresh start.